Map: Apotheosis LE

Players

Frostbite

  • Race: Terran Terran

Gracz - Winner!

  • Race: Zerg Zerg
  • League: Silver

VOD

Have the link to the VOD?

Description

Time

  • Played on: Oct. 28, 2016, 1:43 p.m.
  • Length: 23:55
Show
View Real Time Build Order
Export as new Build Order

Frostbite Terran 

Build Orders:  

Get SALT Encoding   

  12  0:01  SCV  
  13  0:13  SCV  
  14  0:20  Supply Depot  
  14  0:25  SCV  
  15  0:41  Refinery  
  15  0:42  SCV  
  16  0:47  Barracks  
  16  0:54  SCV  
  17  1:06  SCV  
  18  1:18  SCV  
  19  1:28  Supply Depot  
  19  1:31  SCV  
  20  1:35  Reaper  
  20  1:39  Refinery  
  21  1:44  Orbital Command  
  21  2:07  Factory, Marine  
  22  2:24  SCV  
  22  2:26  Unknown, Command Center  
  22  2:29  Marine  
  24  2:36  SCV  
  25  2:48  SCV  
  26  2:52  Marine  
  27  3:00  SCV  
  28  3:10  Marine  
  29  3:13  SCV  
  30  3:25  Factory Tech Lab, SCV  
  31  3:29  Starport  
  31  3:37  Marine, Unknown, SCV  
  33  3:46  Orbital Command  
  33  3:47  Supply Depot  
  33  3:50  SCV  
  33  3:55  Marine  
  35  4:02  SCV  
  36  4:10  Orbital Command  
  36  4:11  Supply Depot  
  36  4:13  Marine  
  36  4:14  SCV  
  36  4:17  Starport Reactor  
  38  4:18  Siege Tank  
  41  4:28  Factory  
  41  4:30  Barracks, SCV  
  41  4:31  Marine  
  43  4:38  SCV  
  44  4:42  SCV  
  45  4:48  Marine  
  45  4:50  SCV  
  47  4:53  Refinery  
  47  4:58  Bunker  
  47  5:00  Supply Depot  
  47  5:02  SCV  
  47  5:04  Supply Depot  
  47  5:06  Marine  
  49  5:15  Liberator x2  
  47  5:24  Marine  
  47  5:27  Marine  
  53  5:42  Marine  
  51  5:46  Factory Tech Lab  
  51  5:47  Siege Tank  
  55  5:55  Barracks Tech Lab  
  54  6:00  Marine  
  55  6:08  Supply Depot  
  55  6:11  Armory  
  55  6:17  Marine  
  56  6:24  Siege Tank  
  59  6:35  Marine  
  60  6:40  Siege Tank  
  60  6:46  Marine  
  64  6:53  Marine  
  65  6:56  Siege Tank  
  68  7:04  Marine  
  69  7:11  Marine  
  70  8:10  Marine x2  
  72  8:15  Supply Depot  
  72  8:22  Liberator  
  72  8:23  Liberator  
  72  8:28  Marine x2  
  71  8:38  Supply Depot  
  77  8:45  Marine x2  
  76  9:03  Marine  
  76  9:04  Marauder  
  77  9:22  Medivac x2  
  74  9:25  Marauder  
  76  9:47  Marauder  
  76  9:50  Siege Tank  
  76  9:52  Medivac x2  
  85  10:08  Marauder  
  87  10:21  Concussive Shells  
  87  10:22  Medivac  
  87  10:24  Marine  
  90  10:29  Marauder  
  92  10:42  Marine  
  93  10:59  Marine  
  94  11:04  Combat Shields  
  94  11:17  Marine  
  94  12:13  Marine  
  93  12:31  Marine  
  93  12:33  Unknown, Command Center  
  94  12:48  Marauder  
  94  12:57  Orbital Command  
  94  13:25  Orbital Command  
  94  13:44  Marine, Supply Depot  
  94  13:45  Unknown, Marauder  
  97  13:58  Refinery  
  97  14:02  Marine  
  97  14:06  Marauder  
  97  14:08  Supply Depot  
  97  14:21  Refinery  
  97  14:28  Marauder  
  97  14:29  Marine  
  100  14:32  Orbital Command  
  100  14:37  Thor x2  
  112  14:45  SCV  
  113  14:47  Marine  
  113  14:48  Refinery  
  113  14:49  Marauder  
  116  14:56  SCV  
  116  14:57  SCV  
  118  15:04  Marine  
  119  15:08  SCV  
  119  15:09  SCV  
  119  15:10  Marauder  
  119  15:11  Refinery  
  123  15:20  SCV  
  123  15:21  SCV  
  125  15:44  Barracks  
  125  15:46  Orbital Command  
  125  16:13  Terran Vehicle And Ship Armor Level 1  
  125  16:15  Engineering Bay  
  125  16:25  Supply Depot  
  125  16:29  Liberator  
  125  16:30  Liberator  
  125  16:42  Supply Depot  
  125  16:44  Marine  
  125  16:45  SCV x2  
  125  16:46  Marauder  
  125  16:48  Supply Depot  
  113  16:57  SCV x2  
  115  17:02  Marine  
  115  17:04  Supply Depot  
  115  17:08  Marauder  
  118  17:09  SCV  
  118  17:10  SCV  
  118  17:11  Supply Depot  
  120  17:17  Missile Turret, Thor  
  120  17:18  Thor  
  120  17:20  Marine  
  120  17:21  SCV  
  120  17:22  SCV  
  135  17:28  Marine  
  135  17:29  Medivac  
  138  17:30  Medivac  
  138  17:34  SCV  
  138  17:36  Terran Infantry Weapons Level 1  
  141  17:37  Marine  
  141  17:39  Missile Turret  
  141  17:41  Engineering Bay  
  142  17:46  Marine  
  142  17:47  SCV  
  144  17:55  Marine  
  145  17:59  Medivac, SCV  
  145  18:00  Thor x2  
  145  18:04  Marine  
  161  18:07  Terran Vehicle Weapons Level 1  
  161  18:10  Terran Infantry Armor Level 1  
  161  18:11  SCV  
  162  18:13  Marine  
  163  18:22  Marauder  
  163  18:23  Supply Depot  
  165  18:32  Marine, SCV  
  167  18:42  Supply Depot  
  167  18:44  Marauder  
  167  18:47  Supply Depot  
  169  18:49  Marine  
  169  18:52  Refinery  
  170  19:01  Barracks  
  170  19:04  Supply Depot  
  170  19:05  Marauder  
  170  19:07  Marine  
  170  19:09  Supply Depot  
  173  19:10  Barracks Tech Lab  
  173  19:23  Barracks  
  173  19:25  Marine  
  173  19:26  Marauder  
  173  19:27  SCV  
  177  19:31  Thor  
  177  19:32  Thor  
  177  19:33  Supply Depot  
  189  19:39  SCV  
  189  19:43  Marine  
  189  19:45  Refinery  
  191  19:47  Marine  
  191  19:48  Marauder  
  191  19:50  Barracks  
  191  19:51  SCV  
  195  19:58  Supply Depot  
  195  20:01  Terran Vehicle And Ship Armor Level 2, Marine  
  195  20:05  Marine  
  197  20:09  Marauder  
  197  20:12  Barracks  
  199  20:18  Marine  
  200  20:26  Unknown, Command Center  
  200  20:33  Barracks Reactor  
  200  20:40  Barracks  
  200  20:50  Starport  
  135  21:23  Marine  
  135  21:24  Marine x3, Marauder x2  
  103  21:27  Starport  
  103  21:28  Barracks  
  89  21:35  Barracks Tech Lab  
  89  21:38  Unknown, Thor x2  
  101  21:40  Barracks Tech Lab  
  101  21:41  Marine x2  
  101  21:42  Marine x2  
  101  21:46  Marauder x2  
  109  21:59  Marine x3  
  109  22:00  Marine  
  113  22:05  Marine  
  113  22:07  Marauder x2  
  118  22:10  Starport Reactor  
  118  22:14  Starport Tech Lab  
  118  22:17  Marine x4  
  118  22:21  Medivac x2, Thor x2  
  138  22:23  Marauder  
  138  22:28  Marauder x2  
  144  22:35  Marine x4  
  148  22:44  Marauder  
  148  22:50  Marauder x2  
  148  22:51  Medivac x2  
  157  23:01  Marine  
  157  23:02  Marine x3  
  157  23:04  Thor x2  
  173  23:06  Marauder  
  173  23:11  Marauder x2  
  179  23:19  Marine  
  180  23:20  Marine x3  
  180  23:21  Medivac x2  
  179  23:27  Marauder  
  179  23:28  Missile Turret  
  179  23:32  Marauder  
  179  23:33  Marauder  
Show
View Real Time Build Order
Export as new Build Order

Gracz Zerg - Winner!

Build Orders: Hatch First 

Get SALT Encoding   

  12  0:05  Drone  
  13  0:10  Drone  
  14  0:58  Overlord  
  14  0:59  Overlord  
  14  1:00  Unknown, Hatchery  
  13  1:22  Spawning Pool  
  13  1:23  Drone x3  
  15  1:28  Extractor  
  14  1:40  Drone  
  15  1:49  Drone  
  16  2:12  Unknown  
  16  2:13  Zergling x2  
  16  2:15  Queen  
  17  2:21  Zergling x6  
  22  2:29  Queen  
  24  2:36  Zergling x4  
  26  2:47  Metabolic Boost  
  26  2:49  Drone x2  
  28  2:58  Zergling x4  
  28  3:38  Drone x3  
  28  3:39  Lair  
  31  3:42  Roach Warren  
  31  3:46  Evolution Chamber  
  29  3:53  Queen  
  31  4:17  Unknown, Overlord, Hatchery  
  31  4:23  Zerg Melee Weapons Level 1  
  32  4:38  Roach  
  32  4:39  Roach x2  
  32  4:45  Overlord  
  36  5:02  Overlord  
  33  5:29  Unknown  
  32  5:50  Extractor  
  31  5:57  Roach x3  
  31  6:01  Drone  
  31  6:02  Drone x11  
  49  6:16  Drone  
  50  6:26  Queen  
  50  6:27  Roach x2  
  55  6:37  Overlord  
  55  6:38  Overlord  
  55  6:46  Drone x2  
  57  6:48  Overlord x2  
  57  6:57  Infestation Pit  
  56  7:05  Zerg Ground Armor Level 1, Evolution Chamber  
  52  7:34  Spore Crawler  
  51  7:37  Spine Crawler  
  50  8:19  Zergling x2  
  53  8:20  Zergling x4  
  53  8:25  Queen  
  53  8:43  Overlord  
  53  8:44  Overlord  
  48  9:30  Swarm Host x3  
  57  9:39  Drone x3  
  57  9:40  Extractor x2, Drone x4  
  62  10:10  Burrow  
  62  10:15  Drone  
  62  10:16  Drone x5  
  68  11:33  Queen  
  68  11:50  Roach x8  
  68  12:00  Unknown, Hatchery  
  52  12:39  Drone x5  
  52  12:44  Glial Reconstitution  
  57  12:45  Hive  
  57  12:47  Spire  
  40  13:02  Drone x2  
  40  13:03  Drone x4  
  40  13:04  Drone  
  47  13:11  Unknown, Zerg Melee Weapons Level 2  
  47  13:13  Zerg Ground Armor Level 2  
  47  13:24  Hydralisk Den  
  46  13:28  Drone  
  46  13:29  Extractor, Drone x5  
  46  13:33  Extractor  
  50  13:43  Drone x3  
  53  13:54  Zergling x6  
  56  14:21  Drone x3  
  59  14:25  Greater Spire  
  59  14:29  Lurker Den  
  59  14:32  Adrenal Glands  
  59  14:35  Hydralisk  
  59  14:36  Hydralisk x8  
  77  14:59  Unknown, Hatchery  
  76  15:01  Ultralisk Cavern  
  75  15:33  Corruptor  
  75  15:34  Corruptor x7  
  91  15:35  Zergling x2  
  91  15:36  Zergling x4  
  91  15:39  Overlord  
  94  15:47  Zerg Melee Weapons Level 3  
  94  15:48  Chitinous Plating  
  94  15:49  Zerg Ground Armor Level 3  
  94  15:51  Zerg Flyer Weapons Level 1  
  94  16:03  Baneling Nest  
  93  16:10  Brood Lord x2, Unknown  
  97  16:13  Drone x11  
  97  16:14  Drone x2  
  97  16:15  Overlord x3  
  99  16:48  Brood Lord x3  
  104  17:10  Zergling x18  
  104  17:11  Corruptor x4  
  121  17:21  Drone  
  121  17:22  Drone  
  123  17:23  Extractor  
  123  17:24  Extractor  
  121  17:35  Unknown, Hatchery  
  121  17:36  Drone  
  121  17:41  Drone x2  
  123  17:45  Brood Lord x2  
  127  17:53  Centrifical Hooks  
  127  18:05  Overlord x4  
  127  18:26  Roach, Zergling x6  
  127  18:27  Roach x2, Ultralisk  
  136  18:30  Ultralisk  
  148  18:36  Lurker  
  149  18:46  Unknown  
  149  18:49  Drone  
  149  18:55  Overlord x4  
  150  19:01  Hydralisk x3  
  156  19:03  Ultralisk  
  156  19:09  Overlord x4  
  162  19:13  Muscular Augments  
  162  19:17  Zerg Flyer Weapons Level 2  
  162  19:23  Brood Lord  
  164  19:34  Zergling x6  
  164  19:35  Zergling x4  
  164  19:36  Roach x3  
  164  19:37  Roach x3  
  181  19:45  Baneling x6  
  181  19:46  Baneling x8  
  181  19:47  Baneling x2  
  181  19:57  Ultralisk  
  187  20:05  Lurker x2  
  189  20:12  Overseer x3  
  189  20:32  Lurker x2  
  191  20:36  Ultralisk  
  191  20:37  Zergling x2  
  191  20:39  Zergling x2  
  147  21:34  Zergling x28  
  147  21:35  Zergling x10  
  166  21:56  Lurker  
  166  21:58  Baneling x5  
  166  21:59  Baneling x7  
  166  22:00  Baneling x3  
  166  22:01  Baneling x2  
  167  22:02  Zergling x10  
  167  22:03  Zergling x10  
  177  22:11  Corruptor x2  
  181  22:22  Hydralisk x4  
Tags
 
Add a new tag
Caveats
  • Supply blocks, unpowered buildings, or Contaminate may cause inaccurate times.
  • Supply counts are checked every 10 seconds.